 Dungeon Crawl Stone Soup version 0.17.1-1-g73c8601 (webtiles) character file.

1533 PossumBlood the Fighter (level 9, 0/77 HPs)
             Began as a Formicid Fighter on Dec 24, 2015.
             Was an Initiate of Makhleb.
             Succumbed to a killer bee's poison
             ... on level 6 of the Dungeon.
             The game lasted 00:14:54 (6194 turns).

PossumBlood the Fighter (Formicid Fighter)          Turns: 6194, Time: 00:14:54

Health: 0/77       AC:  9    Str: 26    XL:     9   Next: 10%
Magic:  5/9        EV:  8    Int:  8    God:    Makhleb [......]
Gold:   201        SH: 10    Dex: 10    Spells: 0 memorised, 8 levels left

rFire  . . .     SeeInvis +     a - +1 war axe
rCold  . . .     Clarity  .     b - +0 scale mail
rNeg   . . .     SustAt   .     c - +0 shield
rPois  .         Gourm    .     (helmet unavailable)
rElec  .         Spirit   +     (no cloak)
rCorr  .         Warding  .     l - +1 pair of gloves
rMut   .         Stasis   +     (no boots)
MR     .....                    k - amulet of guardian spirit
Stlth  ..........               p - ring of wizardry
                                v - +2 ring of strength

@: lethally poisoned (0 -> -9), not resistant to hostile enchantments, extremely
unstealthy
A: permanent stasis, dig shafts and tunnels, four strong arms, antennae 3
a: Dig, Shaft Self, Renounce Religion


You were on level 6 of the Dungeon.
You worshipped Makhleb.
Makhleb was noncommittal.
You were not hungry.

You visited 2 branches of the dungeon, and saw 7 of its levels.

You collected 201 gold pieces.

Inventory:

Hand Weapons
 a - a +1 war axe (weapon)
 i - the +4 falchion of Guile {distort, rC+ MR+}
   (You found it on level 4 of the Dungeon)

   It warps and distorts space around it.
   Unwielding it can cause banishment or high damage.
   It protects you from cold.
   It affects your resistance to hostile enchantments.
Missiles
 n - 4 tomahawks (quivered)
Armour
 b - a +0 scale mail (worn)
 c - a +0 shield (worn)
 l - a +1 pair of gloves (worn)
Jewellery
 k - an amulet of guardian spirit (around neck)
 p - a ring of wizardry (right hand)
 s - an uncursed ring of ice
 v - a +2 ring of strength (left hand)
Scrolls
 d - a scroll of fog
 e - a scroll of enchant armour
 g - 3 scrolls of identify
 j - 4 scrolls of remove curse
 m - 2 scrolls of amnesia
 r - 3 scrolls of magic mapping
Potions
 h - a potion of mutation
 q - a potion of magic
 t - a potion of cure mutation
 u - a potion of brilliance {unknown}
Miscellaneous
 o - a plain deck of defence {Fortitude}
Comestibles
 f - 3 meat rations


   Skills:
 * Level 9.5 Fighting
 + Level 7.2 Axes
 - Level 3.2 Armour
 - Level 1.0 Stealth
 - Level 3.6 Shields


You had 8 spell levels left.
You didn't know any spells.

Dungeon Overview and Level Annotations

Branches:
Dungeon (6/15)             Temple (1/1) D:5

Altars:
Ashenzari
Cheibriados
Dithmenos
Kikubaaqudgha
Makhleb
Nemelex Xobeh
Qazlal
Ru
Vehumet
Yredelemnul


Innate Abilities, Weirdness & Mutations

You are under a permanent stasis effect.
You can dig through walls and to a lower floor.
Your four strong arms can wield two-handed weapons with a shield.
You have a pair of large antennae on your head (SInv).


Message History

You hit the killer bee but do no damage.
The killer bee is heavily wounded.
* * * LOW HITPOINT WARNING * * *
You feel sick. The killer bee barely misses you.
You block the killer bee's attack.
The killer bee stings you but does no damage.
You hit the killer bee but do no damage.
The killer bee is heavily wounded.
* * * LOW HITPOINT WARNING * * *
You feel sick. The killer bee closely misses you.
You block the killer bee's attack.
You closely miss the killer bee.
The killer bee is heavily wounded.
* * * LOW HITPOINT WARNING * * *
You feel sick. You block the killer bee's attack.
The killer bee barely misses you.
The killer bee stings you but does no damage.
You miss the killer bee.
The killer bee is heavily wounded.
You die...

.. [# #.# # ##.%#
.$ #####..# ##...
##.....###.....
##........†.....
###.........#.....
#@y.........# #...
#.#.........# ..
#.#.........# #
..#.........# #
.###.........# #
## #.........# ###
##.........# ##.)
##...)......###..#
#...........##..##


You could see a killer bee.

Vanquished Creatures
  Grinder (D:6)
  The ghost of Musteatbrain the Covered, an amateur GrFi (D:4)
  An ice beast (D:6)
  A sky beast (D:6)
  An ogre (D:5)
  A centaur (D:6)
  2 giant frogs (D:6)
  A crimson imp (D:5)
  2 killer bees (D:6)
  A jelly (D:5)
  3 hounds
  5 worker ants
  2 iguanas
  A hound zombie (D:6)
  A worker ant zombie (D:4)
  6 adders
  4 gnolls (D:4)
  2 oozes
  An adder zombie (D:6)
  5 worms
  2 adder skeletons (D:5)
  3 giant geckos
  10 orcs
  12 bats
  7 giant cockroaches
  15 goblins
  6 hobgoblins
  10 jackals
  3 quokkas
  9 giant newts
  A jackal skeleton (D:4)
  4 kobolds
  10 rats
134 creatures vanquished.

Notes
Turn   | Place    | Note
--------------------------------------------------------------
     0 | D:1      | PossumBlood the Formicid Fighter began the quest for the Orb.
     0 | D:1      | Reached XP level 1. HP: 18/18 MP: 1/1
   132 | D:1      | Reached XP level 2. HP: 22/25 MP: 2/2
   170 | D:1      | Reached skill level 4 in Fighting
   273 | D:1      | Reached XP level 3. HP: 25/30 MP: 3/3
   900 | D:2      | Reached XP level 4. HP: 9/38 MP: 4/4
  1272 | D:2      | Reached skill level 5 in Fighting
  1713 | D:2      | Reached XP level 5. HP: 34/44 MP: 5/5
  2456 | D:3      | Found a faded altar to an unknown god.
  2831 | D:4      | Got a dazzling falchion
  2833 | D:4      | Identified the +4 falchion of Guile {distort, rC+ MR+} (You found it on level 4 of the Dungeon)
  3055 | D:4      | Noticed Musteatbrain's ghost (amateur GrFi)
  3075 | D:4      | Killed Musteatbrain's ghost
  3075 | D:4      | Reached skill level 6 in Fighting
  3075 | D:4      | Reached XP level 6. HP: 15/53 MP: 6/6
  3462 | D:4      | Reached XP level 7. HP: 53/59 MP: 7/7
  3637 | D:4      | Reached skill level 7 in Fighting
  4121 | D:4      | Found a sparkling altar of Nemelex Xobeh.
  4232 | D:5      | Entered Level 5 of the Dungeon
  4701 | D:5      | Reached skill level 5 in Axes
  4809 | D:5      | Reached skill level 1 in Stealth
  4899 | D:5      | Found an ancient bone altar of Kikubaaqudgha.
  4929 | D:5      | Found a staircase to the Ecumenical Temple.
  4960 | D:5      | Reached XP level 8. HP: 68/68 MP: 8/8
  4967 | Temple   | Entered the Ecumenical Temple
  4982 | Temple   | Became a worshipper of Makhleb the Destroyer
  5494 | D:6      | Noticed Grinder
  5507 | D:6      | Reached skill level 8 in Fighting
  5509 | D:6      | Killed Grinder
  5917 | D:6      | Reached skill level 9 in Fighting
  6037 | D:6      | Reached XP level 9. HP: 37/76 MP: 3/9
  6192 | D:6      | HP: 3/77 [poisoned by a killer bee]
  6194 | D:6      | Succumbed to a killer bee's poison

Action                   |  1- 3 |  4- 6 |  7- 9 || total
-------------------------+-------+-------+-------++-------
Melee: War axe           |   116 |   161 |   173 ||   450
  Use: Scroll            |       |    17 |     1 ||    18
       Potion            |       |     2 |     3 ||     5
  Eat: Bread ration      |       |     2 |     2 ||     4
       Beef jerky        |       |       |     1 ||     1
       Fruit             |       |       |     1 ||     1
